 Dungeon Crawl Stone Soup version 0.32-a0-872-g59262bdc9b (webtiles) character file.

Game seed: 2876697851472981686

12247 Biggs the Skirmisher (level 11, 0/133 HPs)
             Began as a Coglin Hunter on Mar 30, 2024.
             Was a High Priest of Okawaru.
             Slain by a cane toad (9 damage)
             ... on level 10 of the Dungeon.
             The game lasted 00:28:59 (11435 turns).

Biggs the Skirmisher (Coglin Hunter)               Turns: 11435, Time: 00:29:00

Health: 0/133      AC: 25    Str: 12    XL:     11   Next: 90%
Magic:  11/11      EV:  2    Int:  9    God:    Okawaru [*****.]
Gold:   364        SH:  0    Dex: 21    Spells: 10/10 levels left

rFire   . . .        a - +2 sling {Nozipho}
rCold   . . .        f - +1 sling (flame) {Kyogo}
rNeg    . . .        s - melded +0 steam dragon scales
rPois   +            A - melded +0 helmet
rElec   .            w - melded +2 cloak
rCorr   .            h - melded +2 pair of gloves
SInv    .            (boots currently unavailable)
Will    .....        (no amulet)
Stlth   ++           (no ring)
HPRegen 0.42/turn    (no ring)
MPRegen 0.12/turn    (no gizmo)

%: no passive effects
@: tree-form, revved
A: stationary, stasis, torment immunity, boosted hp, off-hand wielding, slow
wielding, warmup strikes, (no jewellery)
a: Invent Gizmo, Renounce Religion, Heroism, Finesse, Duel


You were on level 10 of the Dungeon.
You worshipped Okawaru.
Okawaru was extremely pleased with you.
You were a tree.
You visited 3 branches of the dungeon, and saw 13 of its levels.
You also visited: Sewer and Bailey.

You collected 612 gold pieces.
You spent 248 gold pieces at shops.

Inventory:

Hand Weapons
 a - a +2 sling (weapon) {Nozipho}
 f - a +1 sling of flaming (offhand) {Kyogo}
Armour
 h - a +2 pair of gloves (melded)
 s - +0 steam dragon scales (melded)
 w - a +2 cloak (melded)
 A - a +0 helmet (melded)
Wands
 q - a wand of quicksilver (3)
Scrolls
 b - a scroll of butterflies
 c - a scroll of identify
 d - 4 scrolls of amnesia
 e - a scroll of vulnerability {unknown}
 j - 5 scrolls of teleportation
 m - 2 scrolls of noise
 n - 2 scrolls of fear
 t - 2 scrolls of enchant weapon
 x - a scroll of enchant armour
 y - a scroll of revelation
 z - a scroll of poison
Potions
 g - 3 potions of curing
 i - 3 potions of berserk rage
 k - 3 potions of brilliance {unknown}
 l - 3 potions of attraction {unknown}
 o - 2 potions of invisibility {unknown}
 p - a potion of lignification
 r - 2 potions of resistance {unknown}
 u - 2 potions of haste
 v - a potion of ambrosia {unknown}
 B - a potion of heal wounds


   Skills:
 - Level 9.2 Fighting
 - Level 14.0 Ranged Weapons
 + Level 6.8 Dodging
 - Level 0.7 Stealth


You had 10 spell levels left.
You didn't know any spells.
Your spell library contained the following spells:

 Spells                   Type           Power      Damage    Failure   Level
 Necrotise                Necr           0%         1d4       38%         1
 Mercury Vapours          Alch/Air       0%         N/A       52%         2
 Mephitic Cloud           Conj/Alch/Air  0%         N/A       77%         3
 Vampiric Draining        Necr           0%         2d6       77%         3
 Dimensional Bullseye     Hex/Tloc       0%         N/A       99%         4
 Iskenderun's Mystic Bla Conj/Tloc 0%             2d3        (+2d1     99%         4
 Leda's Liquefaction      Alch/Erth      0%         N/A       99%         4
 Curse of Agony           Necr           0%         N/A       100%        5
 Freezing Cloud           Conj/Ice/Air   0%         6-21      100%        5
 Lee's Rapid Deconstruct  Erth           0%         3d4*      100%        5
 Permafrost Eruption      Ice/Erth       0%         2x4d1     100%        6
 Tukima's Dance           Hex            Unusable   N/A       N/A         3
 Martyr's Knell           Necr/Summ      Unusable   N/A       N/A         4

Dungeon Overview and Level Annotations

Branches:
Dungeon (11/15)            Temple (1/1) D:5            Lair (1/5) D:10
  Sewer (visited)          Bailey (visited)
    Orc: D:9-12

Altars:
Ashenzari
Cheibriados
Dithmenos
Elyvilon
Fedhas
Gozag
Hepliaklqana
Kikubaaqudgha
Makhleb
Nemelex Xobeh
Okawaru
Qazlal
Ru
Sif Muna
Trog
Uskayaw
Vehumet
Wu Jian
Xom
Yredelemnul
Zin
The Shining One

Shops:
D:1 [   D:6 !   D:7 *   D:11 *

Annotations:
D:7 2 transporters, ezpacito's ghost, novice CoCK


Innate Abilities, Weirdness & Mutations

You are a tree.
Your roots penetrate the ground, keeping you stationary.
You cannot be teleported.
You are immune to unholy pain and torment.
Your maximum health is greatly increased.
Your equipment is partially melded.
You can wield a second weapon in your off-hand.
It takes a long time for you to wield or remove held weapons.
Your first few attacks do less damage.
((You cannot equip rings or amulets.))


Message History

Press: ? - help, Q - select action, (/) - cycle Shift-Dir - straight line, f/p - cane toad
Aim: a cane toad (lightly wounded, 75% to hit)
You shoot a sling bullet. The sling bullet hits the cane toad.
The cane toad is moderately wounded.
You shoot a sling bullet.
The sling bullet hits the cane toad but does no damage.
The cane toad is moderately wounded.
The cane toad stings you.
* * * LOW HITPOINT WARNING * * *
Okay, then.
Fire: a) +2 sling {Nozipho}
Press: ? - help, Q - select action, (/) - cycle Shift-Dir - straight line, f/p - cane toad
Aim: a cane toad (lightly wounded, 75% to hit)
You shoot a sling bullet. The sling bullet hits the cane toad.
The sling bullet burns the cane toad.
The cane toad is moderately wounded.
You shoot a sling bullet.
The sling bullet hits the cane toad but does no damage.
The cane toad is moderately wounded.
The cane toad stings you but does no damage.
Fire: a) +2 sling {Nozipho}
Press: ? - help, Q - select action, (/) - cycle Shift-Dir - straight line, f/p - cane toad
Aim: a cane toad (moderately wounded, 75% to hit)
You shoot a sling bullet. The sling bullet hits the cane toad.
The sling bullet burns the cane toad.
The cane toad is moderately wounded.
You shoot a sling bullet.
The sling bullet barely misses the cane toad.
The cane toad stings you but does no damage.
Fire: a) +2 sling {Nozipho}
Press: ? - help, Q - select action, (/) - cycle Shift-Dir - straight line, f/p - cane toad
Aim: a cane toad (moderately wounded, 75% to hit)
You shoot a sling bullet.
The sling bullet hits the cane toad but does no damage.
The cane toad is moderately wounded.
You shoot a sling bullet. The sling bullet hits the cane toad!
The cane toad is heavily wounded.
The cane toad stings you!
You die...

###...#........<..#.......##
#..##...........#.......#
#..#............#.......#
####..##...........#.......#
#......#...........#.......##
#.....##.....###...###......#
#.....'......##.....##.♣♣♣♣'♣
#.....#......#....P..#.'.....
#.....#.....♣#.....P.#.♣|≈...
#.....#....##F.........♣.≈._.
#.....#....#...........♣(§...
####..#....#.....>.....+.....
#..######...........♣♣♣♣+♣
#......................#..
#.........#.......#....#..
########.........#..P....#...[[).
#................##.....##....#..


You could see a cane toad.

Vanquished Creatures
  3 two-headed ogres
  Pikel (D:6)
  2 deep elf pyromancers (D:8)
  A manticore (D:9)
  A cyclops (D:8)
  A gargoyle (Bailey)
  An elephant (D:10)
  A komodo dragon (D:10)
  A hornet (D:8)
  3 wraiths
  2 wyverns (D:10)
  A basilisk (D:10)
  13 yaks
  A steam dragon (D:10)
  2 water moccasins (D:8)
  An ice beast (D:6)
  2 orc warriors
  An ogre (D:7)
  4 centaurs
  2 phantoms
  4 kobold brigands
  A lemure (D:6)
  7 bullfrogs
  2 gnoll sergeants
  4 scorpions
  11 wights
  6 killer bees (D:8)
  7 vampire bats (Bailey)
  A wolf zombie (Bailey)
  2 howler monkeys
  3 bombardier beetles
  5 orc priests
  4 hounds
  2 jellies (D:6)
  2 iguanas (D:5)
  10 orc wizards
  16 gnolls
  10 adders
  6 river rats
  2 shadow imps
  3 white imps
  8 ufetubi
  2 dart slugs
  3 ribbon worms
  35 orcs
  11 endoplasms
  2 giant cockroaches
  6 goblins
  11 hobgoblins
  17 kobolds
  A quokka (D:1)
  12 ball pythons
  2 bats (D:1)
  3 frilled lizards
  17 orc zombies (Bailey)
  29 rats
311 creatures vanquished.

Notes
Turn   | Place    | Note
-------+----------+-------------------------------------------
     0 | D:1      | Biggs the Coglin Hunter began the quest for the Orb.
     0 | D:1      | Reached XP level 1. HP: 16/16 MP: 1/1
    65 | D:1      | Reached skill level 4 in Ranged Weapons
    65 | D:1      | Reached XP level 2. HP: 22/22 MP: 2/2
   157 | D:1      | Found Posougale's Armour Boutique.
   480 | D:1      | Reached XP level 3. HP: 27/27 MP: 3/3
  1459 | D:3      | Identified the +3 dagger "Wusa" {flame, rElec Str+2 Stlth+}
  1573 | D:3      | Reached skill level 5 in Ranged Weapons
  1573 | D:3      | Reached XP level 4. HP: 20/33 MP: 4/4
  1787 | D:3      | Reached XP level 5. HP: 16/38 MP: 5/5
  1789 | D:3      | HP: 1/38 [burnt (4)]
  1860 | D:3      | Found a burning altar of Makhleb.
  2456 | D:4      | Reached skill level 6 in Ranged Weapons
  2552 | D:4      | You fall into a shaft and drop 2 floors!
  2574 | D:6      | Reached XP level 6. HP: 44/44 MP: 6/6
  2670 | D:6      | Noticed Pikel
  2685 | D:6      | Reached skill level 7 in Ranged Weapons
  2694 | D:6      | Killed Pikel
  2695 | D:6      | Reached skill level 8 in Ranged Weapons
  2695 | D:6      | Reached XP level 7. HP: 10/50 MP: 7/7
  2695 | D:6      | Reached XP level 8. HP: 11/56 MP: 8/8
  2830 | D:6      | Found a glowing drain.
  2837 | Sewer    | Entered a sewer
  2871 | Sewer    | Reached skill level 9 in Ranged Weapons
  3277 | D:5      | Entered Level 5 of the Dungeon
  3479 | D:4      | Found a white marble altar of Elyvilon.
  4449 | D:5      | Reached XP level 9. HP: 66/66 MP: 9/9
  4501 | D:5      | Found a staircase to the Ecumenical Temple.
  4543 | Temple   | Entered the Ecumenical Temple
  4550 | Temple   | Became a worshipper of Warmaster Okawaru
  4911 | D:6      | Reached skill level 5 in Fighting
  4997 | D:6      | Found Nymough's Distillery.
  5002 | D:6      | Bought a potion of curing for 30 gold pieces
  5002 | D:6      | Bought a potion of haste for 100 gold pieces
  5002 | D:6      | Bought a potion of lignification for 30 gold pieces
  5133 | D:6      | Found an ancient bone altar of Kikubaaqudgha.
  5133 | D:6      | Found a bloodstained altar of Trog.
  5508 | D:7      | Found a transporter.
  5513 | D:7      | Found a transporter.
  5513 | D:7      | Noticed ezpacito's ghost (novice CoCK)
  5600 | D:7      | Reached skill level 10 in Ranged Weapons
  6351 | D:7      | Found Gozag's Platinum Reserve.
  6362 | D:7      | Found an opulent altar of Gozag.
  6537 | D:8      | Reached * piety under Okawaru
  6550 | D:8      | Reached skill level 11 in Ranged Weapons
  6768 | D:8      | Reached ** piety under Okawaru
  6769 | D:8      | Reached XP level 10. HP: 71/74 MP: 10/10
  6817 | D:8      | Reached skill level 12 in Ranged Weapons
  7336 | D:8      | Noticed an orc knight
  7336 | D:8      | Noticed a deep elf pyromancer
  7336 | D:8      | Noticed a two-headed ogre
  7682 | D:8      | Reached *** piety under Okawaru
  7887 | D:8      | Killed a deep elf pyromancer
  7888 | D:8      | Reached skill level 13 in Ranged Weapons
  7926 | D:8      | Killed a two-headed ogre
  7926 | D:8      | Reached **** piety under Okawaru
  8078 | D:8      | Noticed a deep elf pyromancer
  8080 | D:8      | Noticed a cyclops
  8140 | D:8      | Killed a deep elf pyromancer
  8302 | D:8      | Killed a cyclops
  8303 | D:8      | Reached skill level 14 in Ranged Weapons
  8303 | D:8      | Reached XP level 11. HP: 8/81 MP: 11/11
  8640 | D:9      | Noticed a manticore
  8649 | D:9      | Killed a manticore
  8930 | D:9      | Reached ***** piety under Okawaru
  9054 | D:9      | Noticed a two-headed ogre
  9062 | D:9      | Killed a two-headed ogre
  9077 | D:9      | Found a flagged portal.
  9101 | Bailey   | Entered a bailey
  9181 | Bailey   | Identified the staff "Zuisaq" {rPois Str-5 Int+3 SInv
                  | Alchemy}
  9863 | D:10     | Entered Level 10 of the Dungeon
  9917 | D:10     | Found a shimmering altar of Xom.
 10026 | D:10     | Noticed a two-headed ogre
 10032 | D:10     | Killed a two-headed ogre
 10372 | D:10     | Found a stormy altar of Qazlal.
 10378 | D:10     | Found a staircase to the Lair.
 10400 | D:10     | Received a gift from Okawaru
 10401 | D:10     | Reached skill level 5 in Dodging
 11130 | D:11     | Found Ichyipou's General Store.
 11141 | D:11     | Bought a potion of curing for 33 gold pieces
 11141 | D:11     | Bought a potion of heal wounds for 55 gold pieces
 11189 | D:11     | Noticed a death knight
 11278 | D:11     | Found a glowing silver altar of Zin.
 11350 | Lair:1   | Entered Level 1 of the Lair of Beasts
 11429 | D:10     | HP: 5/133 [cane toad (9)]
 11435 | D:10     | Slain by a cane toad

Illustrated notes

Levels and vault maps discovered:
D:1:      minmay_arrival_radiant_lines, layout_rooms, serial_shops, shop_statue,
          serial_corexii_hall, corexii_hall_statues_l, chequers_hall_statues_y,
          corexii_hall_statues_i, corexii_hall_statues_s, minmay_misc_feat_iff
D:2:      layout_basic, minmay_pentomino_q2
D:3:      layout_loops_ring, mainiacjoe_overflow_small_starburst
D:4:      layout_basic, elyvilon_altar_3, serial_curves, eino_curves_03,
          eino_curves_03, eino_curves_04
D:5:      layout_layer_cave, minmay_temple_entry_fiery, serial_glass,
          glass_columns_c, glass_columns_a, glass_columns_a, glass_columns_c,
          glass_columns_c, glass_columns_a, glass_columns_c, glass_columns_b,
          glass_columns_b, glass_columns_c
D:6:      layout_gridville, gammafunk_temple_overflow_pools, serial_shops,
          nicolae_shop_just_a_little_nook, lightli_sewer_entry_pipes, uniq_pikel
D:7:      layout_loops_corners, nicolae_gozag_zags_fifth_avenue,
          gammafunk_ghost_arena, kennysheep_generic_room_8
D:8:      nzn_winding_woodlands_three_and_one
          [nzn_winding_woodlands_5x15_zeroes,
          nzn_winding_woodlands_5x15_concentric, nzn_winding_woodlands_5x15_eye,
          nzn_winding_woodlands_center_lodge], layout_loops_cross
D:9:      layout_roguey, enter_bailey_4
D:10:     layout_irregular_city, xom_teletrap_fun,
          mainiacjoe_overflow_six_doors_small, david_lair_generic
D:11:     layout_irregular_city, serial_shops, nicolae_shop_mannequins,
          nicolae_shop_stone, nicolae_shop_tiny_waterfront, nicolae_shop_trees,
          shop, zin_statuary, uniq_erica, uniq_sonja
Temple:   nicolae_temple_no_exploring_needed
Lair:1:   layout_misc_corridors, infiniplex_staircase_pool_2, grunt_megastairs_3

Skill      XL: |  1  2  3  4  5  6  7  8  9 10 11 |
---------------+----------------------------------+-----
Ranged Weapons | 4 5 6 8 9 11 14 | 14.0
Dodging        | 4 6 |  6.8
Fighting       | 4 5 6 9 |  9.2
Stealth        | |  0.7

Action                     |  1- 3 |  4- 6 |  7- 9 | 10-12 || total
---------------------------+-------+-------+-------+-------++-------
   Fire: Sling             |   138 |   186 |   686 |  1014 ||  2024
  Evoke: Wand              |       |       |       |     7 ||     7
    Use: Potion            |       |     1 |       |     6 ||     7
         Scroll            |       |       |     8 |     9 ||    17
 Armour: Leather armour    |     9 |    19 |    66 |    92 ||   186
         Steam dragon scal |       |       |       |    45 ||    45
         Skin              |       |       |       |    10 ||    10
  Dodge: Dodged            |     3 |    16 |    46 |   123 ||   188

Table legend: (Time is in decaauts)
 A = Elapsed time spent in this place.
 B = Non-inter-level travel time spent in this place.
 C = Inter-level travel time spent in this place.
 D = Time resting spent in this place.
 E = Time spent auto-exploring this place.
 F = Levels seen in this place.
 G = Mean time per level.
                   A        B        C        D        E       F      G
               +--------+--------+--------+--------+--------+-----+--------+
         Total |  11405 |  11006 |    399 |    259 |   9076 |  15 |  760.3 |
       Dungeon |  10738 |  10351 |    387 |    118 |   8762 |  11 |  976.2 |
        Temple |     14 |      2 |     12 |      0 |      0 |   1 |   14.0 |
          Lair |      5 |      5 |      0 |      0 |      0 |   1 |    5.0 |
         Sewer |    275 |    275 |      0 |      0 |    191 |   1 |  275.0 |
        Bailey |    372 |    372 |      0 |    141 |    122 |   1 |  372.0 |
               +--------+--------+--------+--------+--------+-----+--------+

Top non-repeatable levels by time:
     D:8: 2055 daAuts
    D:10: 1346 daAuts
     D:6: 1126 daAuts
     D:7: 1020 daAuts
     D:4: 962 daAuts
     D:5: 922 daAuts
     D:9: 843 daAuts
     D:3: 829 daAuts
     D:2: 796 daAuts
     D:1: 663 daAuts
  Bailey: 372 daAuts
   Sewer: 275 daAuts
    D:11: 172 daAuts
  Temple: 14 daAuts
  Lair:1: 5 daAuts
